 Dungeon Crawl Stone Soup version 0.18.1-48-g4cf74bf (webtiles) character file.

2796 Inkary the Fighter (level 10, -8/80 HPs)
             Began as a Human Fighter on July 21, 2016.
             Was a Follower of Okawaru.
             Shot with a sling bullet by Joseph (13 damage)
             ... on level 7 of the Dungeon.
             The game lasted 00:16:30 (6798 turns).

Inkary the Fighter (Human Fighter)                  Turns: 6798, Time: 00:16:31

Health: -8/80      AC: 12    Str: 18    XL:     10   Next: 2%
Magic:  10/10      EV:  7    Int:  8    God:    Okawaru [*.....]
Gold:   485        SH:  9    Dex: 17    Spells: 0 memorised, 9 levels left

rFire  . . .     SeeInvis .     a - +1 long sword
rCold  + . .     Gourm    .     u - +3 scale mail {rC+}
rNeg   . . .     Faith    .     c - +0 shield
rPois  .         Spirit   .     s - +0 helmet
rElec  .         Dismiss  .     (no cloak)
rCorr  .         Reflect  .     (no gloves)
SustAt .         Harm     .     (no boots)
MR     .....                    (no amulet)
Stlth  ..........               (no ring)
                                g - +2 ring of dexterity

@: very slightly contaminated, drained, not resistant to hostile enchantments,
extremely unstealthy
A: no striking features
a: Heroism, Renounce Religion


You were on level 7 of the Dungeon.
You worshipped Okawaru.
Okawaru was aware of your devotion.
You were not hungry.

You visited 2 branches of the dungeon, and saw 8 of its levels.

You collected 485 gold pieces.

Inventory:

Hand Weapons
 a - a +1 long sword (weapon)
Armour
 c - a +0 shield (worn)
 h - a pearl dragon hide
 s - a +0 helmet (worn)
 u - a +3 scale mail of cold resistance (worn)
Jewellery
 g - a +2 ring of dexterity (left hand)
 F - an uncursed amulet of the gourmand {unknown}
Wands
 d - a wand of disintegration (21/24)
 y - a wand of flame (25/48)
 z - a wand of paralysis (15/24)
Scrolls
 e - a scroll of remove curse
 l - 5 scrolls of magic mapping
 m - 2 scrolls of recharging
 o - 2 scrolls of identify
 q - 3 scrolls of teleportation
 B - a scroll of fog
 E - a scroll of enchant weapon
Potions
 i - 2 potions of curing
 r - a potion of brilliance
 v - a potion of resistance {unknown}
 w - 2 potions of haste
 x - a potion of heal wounds {unknown}
 A - 2 potions of flight
 C - a potion of degeneration {unknown}
Books
 b - a book of Maledictions

   Spells                             Type                      Level
   a - Corona                         Hexes                        1
   b - Ensorcelled Hibernation        Hexes/Ice                    2
   c - Confuse                        Hexes                        3
   d - Tukima's Dance                 Hexes                        3
   e - Dazzling Spray                 Conjuration/Hexes            3
 j - a book of the Earth

   Spells                             Type                      Level
   a - Leda's Liquefaction            Hexes/Earth                  4
   b - Bolt of Magma                  Conjuration/Fire/Earth       5
   c - Statue Form                    Transmutation/Earth          6
   d - Iron Shot                      Conjuration/Earth            6
   e - Shatter                        Earth                        9
Comestibles
 f - 3 bread rations
 k - a slice of pizza
 n - a beef jerky
 p - a meat ration


   Skills:
 + Level 8.2(7.3) Fighting
 + Level 7.8(6.9) Long Blades
 + Level 8.1(7.2) Armour
 - Level 3.0(2.2) Shields


You had 9 spell levels left.
You didn't know any spells.

Dungeon Overview and Level Annotations

Branches:
Dungeon (7/15)             Temple (1/1) D:5

Altars:
Ashenzari
Cheibriados
Dithmenos
Elyvilon
Fedhas
Gozag
Kikubaaqudgha
Makhleb
Nemelex Xobeh
Okawaru
Pakellas
Qazlal
Ru
Sif Muna
Trog
Vehumet
Xom
Yredelemnul
Zin
The Shining One

Annotations:
D:7 Joseph


Message History

Things that are here:
an arrow; a sling bullet You see here a sling bullet.
Things that are here:
a sling bullet; 2 arrows All of the chunks of flesh in your inventory have rotted away.
Things that are here:
a sling bullet; an arrow You see here an arrow.
Joseph unwields an uncursed quarterstaff of draining.
Joseph wields an uncursed hunting sling.
Joseph shoots a sling bullet.
You block the sling bullet.
You see here a sling bullet.
You flicker back into view.
Joseph shoots a sling bullet.
You block the sling bullet.
You see here a sling bullet.
Joseph shoots a sling bullet.
You block the sling bullet.
You see here a sling bullet.
Joseph shoots a sling bullet.
The sling bullet hits you!
You die...

####...>..((.......
#..........(.......
#.##.##.###@#.#.###
#.##.#...##(....#
#........#......###
##...#.............
#.####....(....###
#.# #....(.#..###.
#.# #.....@.......
...
#.#######.#........#.
..#
#.......###.#.###..
... #.# ###.###.#
#..... #.. #.#
###.....# #.#.###
##.. #.# #.....#.#
#.## ... #.# #.....+
### #.##.## #.....#
#.####..#...
#.....#<# ###
#.........##


You could see Joseph.

Vanquished Creatures
  The ghost of Wardy the Twirler, an amateur DsGl of Dithmenos (D:5)
  Sigmund (D:4)
  The ghost of simples the Firebug, an amateur HEFE (D:3)
  Menkaure (D:7)
  4 phantoms
  2 ice beasts (D:5)
  2 black bears
  A centaur (D:7)
  4 ogres
  A big kobold (D:7)
  4 giant frogs (D:6)
  2 scorpions
  A howler monkey (D:5)
  A crimson imp (D:5)
  A giant frog skeleton (D:6)
  A centaur skeleton (D:6)
  Jessica (D:2)
  Terence (D:2)
  4 iguanas
  3 orc wizards
  2 worker ants (D:4)
  A hound skeleton (D:6)
  Robin (D:2)
  8 adders
  A gnoll (D:5)
  An adder skeleton (D:7)
  An adder zombie (D:5)
  An ooze (D:2)
  5 worms
  A dart slug (D:2)
  3 giant geckos
  18 orcs
  3 ball pythons
  8 bats
  6 giant cockroaches
  14 goblins
  3 hobgoblins
  6 jackals
  6 quokkas
  3 giant newts
  11 kobolds
  3 rats
143 creatures vanquished.

Notes
Turn   | Place    | Note
--------------------------------------------------------------
     0 | D:1      | Inkary the Human Fighter began the quest for the Orb.
     0 | D:1      | Reached XP level 1. HP: 18/18 MP: 1/1
   269 | D:1      | Reached XP level 2. HP: 23/24 MP: 2/2
   639 | D:2      | Noticed Jessica
   656 | D:1      | Reached XP level 3. HP: 23/29 MP: 3/3
   780 | D:2      | Killed Jessica
   780 | D:2      | Reached XP level 4. HP: 37/37 MP: 4/4
   995 | D:2      | Noticed Robin
  1347 | D:2      | Killed Robin
  1347 | D:2      | Reached XP level 5. HP: 34/42 MP: 5/5
  1695 | D:2      | Noticed Terence
  1730 | D:2      | Killed Terence
  1824 | D:2      | Found a stormy altar of Qazlal.
  1826 | D:2      | Found a glowing golden altar of the Shining One.
  1940 | D:2      | Found a sparkling altar of Nemelex Xobeh.
  2234 | D:3      | Noticed simples's ghost (amateur HEFE)
  2243 | D:3      | Killed simples's ghost
  2243 | D:3      | Reached XP level 6. HP: 48/49 MP: 6/6
  2259 | D:3      | Noticed a phantom
  2271 | D:3      | Killed a phantom
  2271 | D:3      | Reached skill level 5 in Fighting
  2271 | D:3      | Reached XP level 7. HP: 47/56 MP: 7/7
  2762 | D:4      | Reached skill level 5 in Armour
  3157 | D:4      | Noticed Sigmund
  3181 | D:4      | Killed Sigmund
  3308 | D:4      | Reached skill level 5 in Long Blades
  3308 | D:4      | Reached XP level 8. HP: 51/64 MP: 8/8
  3902 | D:5      | Entered Level 5 of the Dungeon
  4624 | D:5      | Found an ancient bone altar of Kikubaaqudgha.
  4624 | D:5      | Found a basalt altar of Yredelemnul.
  4625 | D:5      | Noticed Wardy's ghost (amateur DsGl)
  4840 | D:5      | Found a staircase to the Ecumenical Temple.
  4849 | D:5      | Reached XP level 9. HP: 19/71 MP: 9/9
  4858 | Temple   | Entered the Ecumenical Temple
  5211 | D:5      | Found a bloodstained altar of Trog.
  5211 | D:5      | Found an iron altar of Okawaru.
  5226 | D:5      | Became a worshipper of Warmaster Okawaru
  5438 | D:5      | Killed Wardy's ghost
  5748 | D:5      | Found a radiant altar of Vehumet.
  5748 | D:5      | Found a blossoming altar of Fedhas.
  6033 | D:6      | Reached * piety under Okawaru
  6479 | D:7      | Noticed Menkaure
  6488 | D:7      | Killed Menkaure
  6757 | D:7      | Noticed Joseph
  6778 | D:7      | Reached XP level 10. HP: 34/80 MP: 10/10
  6780 | D:7      | HP: 4/80 [Joseph/uncursed quarterstaff of draining (14)]
  6780 | D:7      | HP: 1/80 [Joseph/uncursed quarterstaff of draining (3)]
  6798 | D:7      | Shot with a sling bullet by Joseph

Skill      XL: |  1  2  3  4  5  6  7  8  9 |
---------------+----------------------------+-----
Long Blades    | 3 4 5 6 7 |  7.8
Fighting       | 4 5 6 8 |  8.2
Armour         | 4 5 6 8 |  8.1
Shields        | |  3.0

Action                   |  1- 3 |  4- 6 |  7- 9 | 10-12 || total
-------------------------+-------+-------+-------+-------++-------
Melee: Long sword        |    58 |   164 |   549 |     1 ||   772
  Use: Potion            |       |     1 |     4 |     1 ||     6
       Scroll            |       |       |    12 |       ||    12
  Eat: Chunk             |       |     3 |    13 |       ||    16
       Royal jelly       |       |     1 |       |       ||     1
       Pizza             |       |       |     1 |       ||     1
       Beef jerky        |       |       |     1 |       ||     1
Armor: Scale mail        |    48 |   127 |   269 |       ||   444
Dodge: Dodged            |    30 |    94 |   191 |       ||   315
Block: Shield            |       |     9 |   141 |     3 ||   153
